 Dungeon Crawl Stone Soup version 0.30-a0-465-g8901f6c8b5 (webtiles) character file.

Game seed: 5741471132872241608

75 cforsyth the Cudgeller (level 4, 0/39 HPs)
             Began as an Armataur Gladiator on Dec 19, 2022.
             Killed by divine providence
             ... invoked by an orc priest
              (11 damage)
             ... on level 3 of the Dungeon.
             The game lasted 00:01:46 (1288 turns).

cforsyth the Cudgeller (Armataur Gladiator)         Turns: 1288, Time: 00:01:47

Health: 0/39       AC:  8    Str: 19    XL:     4   Next: 11%
Magic:  4/4        EV:  6    Int: 10    God:
Gold:   72         SH:  0    Dex: 12    Spells: 3/3 levels left

rFire   . . .      SeeInvis .    a - +0 flail
rCold   . . .      Faith    .    (no shield)
rNeg    . . .      Spirit   .    j - +0 chain mail
rPois   .          Reflect  .    c - +0 helmet
rElec   .          Harm     .    (no cloak)
rCorr   .          Roll     +    (no gloves)
Will    .....                    (no barding)
Stlth   ..........               (no amulet)
HPRegen 0.26/turn                (no ring)
MPRegen 0.09/turn                (no ring)

@: no status effects
A: large, rugged brown scales 3, deformed body, armoured tail, roll, long
tongue, awkward tongue
a: no special abilities


You were on level 3 of the Dungeon.
You visited 1 branch of the dungeon, and saw 3 of its levels.

You collected 72 gold pieces.

Inventory:

Hand Weapons
 a - a +0 flail (weapon)
Missiles
 d - 3 throwing nets (quivered)
 e - a javelin
Armour
 b - a +0 leather armour
 c - a +0 helmet (worn)
 j - a +0 chain mail (worn)
Jewellery
 n - an amulet of regeneration
Scrolls
 f - a scroll of magic mapping {unknown}
 g - a scroll of enchant weapon {unknown}
 k - 2 scrolls of identify {unknown}
 m - a scroll of poison {unknown}
 o - a scroll of blinking {unknown}
Potions
 h - a potion of heal wounds {unknown}
 i - a potion of might {unknown}
 l - a potion of brilliance {unknown}
 p - a potion of invisibility {unknown}


   Skills:
 + Level 2.6 Fighting
 + Level 3.3 Maces & Flails
 - Level 2.0 Throwing
 + Level 1.9 Armour
 - Level 2.3 Dodging


You had 3 spell levels left.
You didn't know any spells.
Your spell library contained the following spells:

 Spells                   Type           Power      Damage    Failure   Level
 Magic Dart               Conj           0%         1d3       99%         1
 Call Imp                 Summ           0%         N/A       100%        2
 Mephitic Cloud           Conj/Pois/Air  0%         N/A       100%        3


Dungeon Overview and Level Annotations

Branches:
Dungeon (3/15)

Altars:


Innate Abilities, Weirdness & Mutations

You are completely covered in rugged brown scales. (AC +3, +7% HP)
Armour fits poorly on your strangely shaped body.
You have a long armoured tail.
You roll when moving toward enemies. (Rampage)
Your long tongue fully drains potion bottles. (2x potion effects)
Your tongue gives you trouble enunciating. (1.5x scroll delay)


Message History

The orc wizard shouts!
The orc shouts! x2
The orc wizard mumbles some strange words.
The orc wizard flickers and vanishes!
Deactivating autopickup; reactivate with Ctrl-A.
The orc priest closely misses you.
You barely miss the orc priest. You tail-slap the orc priest.
The orc priest is lightly wounded.
The orc priest looks satisfied for a moment.
The orc wizard mumbles some strange words.
The orc wizard flickers and vanishes!
You barely miss the orc priest.
The orc priest is lightly wounded.
The orc priest hits you with a +0 trident.
You hit the orc priest.
The orc priest is moderately wounded.
The orc hits you with a +0 club. The orc barely misses you.
The orc priest hits you with a +0 trident.
You barely miss the orc priest.
The orc priest is moderately wounded.
The orc barely misses you. The orc hits you with a +0 club.
The orc barely misses you.
The orc priest hits you but does no damage.
The orc closely misses you. The orc hits you but does no damage.
The orc hits you with a +0 flail.
You hit the orc.
The orc is lightly wounded.
The orc hits you but does no damage. x2; The orc hits you with a +0 flail.
The orc priest hits you with a +0 trident.
You hit the orc priest.
You tail-slap the orc priest, but do no damage.
The orc priest is severely wounded.
The orc hits you but does no damage. The orc barely misses you.
The orc priest hits you with a +0 trident.
You closely miss the orc priest. You punch the orc priest.
The orc priest is almost dead.
The orc hits you with a +0 club.
* * * LOW HITPOINT WARNING * * *
The orc priest mumbles some strange prayers to Beogh against you.
Beogh smites you!
You die...

#.####### #...#.#
#.......# #.....##
#....#####......
#.##.....#.....
#...<###.#ooo.
#.####.###.#oo.#
#[.........#o.o####
######...####@o...#
#............#
#####.##.....#
#........#
####.....# #....##
...#.# .....# ).. >


You could see an orc priest and 7 orcs.

Vanquished Creatures
  4 adders (D:2)
  A worm (D:2)
  A dart slug (D:2)
  4 ball pythons (D:1)
  2 endoplasms
  A giant cockroach (D:1)
  2 goblins (D:1)
  2 hobgoblins
  2 jackals (D:1)
  2 kobolds
  4 quokkas
  4 bats
  3 frilled lizards
  A rat (D:3)
33 creatures vanquished.

Notes
Turn   | Place    | Note
-------+----------+-------------------------------------------
     0 | D:1      | cforsyth the Armataur Gladiator began the quest for the
                  | Orb.
     0 | D:1      | Reached XP level 1. HP: 18/18 MP: 1/1
   217 | D:1      | Reached XP level 2. HP: 22/25 MP: 2/2
   683 | D:1      | Reached skill level 3 in Maces & Flails
   727 | D:2      | Reached skill level 1 in Armour
   727 | D:2      | Reached XP level 3. HP: 30/31 MP: 3/3
  1223 | D:2      | Reached XP level 4. HP: 34/39 MP: 4/4
  1288 | D:3      | Killed from afar by an orc priest

Illustrated notes

Levels and vault maps discovered:
D:1:      minmay_arrival_up_and_down, layout_basic, chequers_avenue,
          chequers_serial_rivers_micro_e
D:2:      layout_rooms
D:3:      layout_basic, minmay_fractal_squares_gapless_5

Skill      XL: |  1  2 |
---------------+-------+-----
Fighting       | 2 |  2.6
Throwing       | 2 |  2.0
Maces & Flails | 3 |  3.3
Armour         | 1 |  1.9
Dodging        | |  2.3

Action                   |  1- 3 |  4- 6 || total
-------------------------+-------+-------++-------
Melee: Flail             |   105 |    10 ||   115
       Tailslap          |     9 |     2 ||    11
       Punch             |       |     1 ||     1
Armor: Leather armour    |    11 |       ||    11
       Chain mail        |    65 |     7 ||    72
Dodge: Dodged            |    32 |     6 ||    38

Table legend: (Time is in decaauts)
 A = Elapsed time spent in this place.
 B = Non-inter-level travel time spent in this place.
 C = Inter-level travel time spent in this place.
 D = Time resting spent in this place.
 E = Time spent auto-exploring this place.
 F = Levels seen in this place.
 G = Mean time per level.
                   A        B        C        D        E       F      G
               +--------+--------+--------+--------+--------+-----+--------+
         Total |   1315 |   1239 |     76 |      0 |    948 |   3 |  438.3 |
       Dungeon |   1315 |   1239 |     76 |      0 |    948 |   3 |  438.3 |
               +--------+--------+--------+--------+--------+-----+--------+

Top non-repeatable levels by time:
     D:1: 732 daAuts
     D:2: 563 daAuts
     D:3: 19 daAuts
